Map: Backwater LE

Players

Sioras

  • Race: Zerg Zerg
  • League: Master
  • Spawn Location: 5:00

Classic - Winner!

  • Race: Protoss Protoss
  • Spawn Location: 11:00

Event: WESG 2017 Haikou

VOD

Have the link to the VOD?

Description

Time

  • Played on: March 15, 2018, 6:05 a.m.
  • Length: 10:17

All games in this series

Show
View Real Time Build Order
Export as new Build Order

Sioras Zerg 

Build Orders: Hatch First, Lurkers, Roach Hydra 

Get SALT Encoding   

  12  0:00  Drone  
  13  0:07  Drone  
  14  0:17  Overlord  
  14  0:21  Extractor  
  14  0:22  Drone  
  15  0:35  Drone  
  16  0:48  Hatchery  
  15  0:51  Drone  
  15  0:54  Drone  
  17  0:57  Drone  
  18  1:13  Extractor, Spawning Pool  
  18  1:15  Drone  
  17  1:20  Drone  
  18  1:26  Drone  
  19  1:37  Drone  
  20  1:49  Overlord  
  20  1:59  Queen x2  
  20  2:00  Zergling x4  
  26  2:11  Drone  
  26  2:12  Drone  
  28  2:22  Drone  
  29  2:23  Drone  
  30  2:32  Hatchery  
  30  2:33  Drone  
  30  2:37  Drone  
  30  2:42  Queen  
  33  2:47  Overlord  
  33  2:50  Drone  
  34  2:53  Zergling x2  
  34  2:54  Zergling x2  
  36  3:07  Drone x2  
  36  3:08  Drone  
  36  3:09  Drone x3  
  42  3:13  Overlord  
  42  3:16  Drone x2  
  44  3:25  Lair  
  44  3:32  Drone  
  44  3:33  Overlord  
  45  3:35  Drone  
  45  3:40  Spore Crawler  
  45  3:41  Spore Crawler  
  45  3:42  Drone x3  
  45  3:45  Drone  
  48  3:49  Roach Warren  
  48  3:53  Drone x2  
  49  3:56  Overlord  
  49  3:59  Spore Crawler  
  49  4:02  Extractor x2, Drone  
  47  4:04  Drone  
  47  4:06  Drone  
  47  4:09  Drone  
  50  4:14  Overlord  
  50  4:18  Overlord  
  50  4:19  Drone  
  50  4:20  Drone x2  
  50  4:21  Drone  
  54  4:25  Drone  
  55  4:32  Glial Reconstitution  
  55  4:33  Roach x2  
  59  4:38  Roach  
  59  4:39  Roach  
  59  4:40  Roach  
  59  4:52  Drone x3  
  61  4:53  Drone x3  
  61  4:54  Drone x2  
  61  4:57  Roach  
  61  4:59  Drone  
  69  5:05  Overlord  
  69  5:06  Drone  
  70  5:09  Drone  
  70  5:10  Drone x2  
  73  5:15  Hydralisk Den, Evolution Chamber  
  73  5:17  Drone  
  73  5:18  Drone x2  
  74  5:22  Drone  
  75  5:30  Drone x7  
  75  5:33  Drone x2  
  75  5:34  Extractor  
  83  5:36  Overlord  
  83  5:37  Drone  
  83  5:40  Zerg Missile Weapons Level 1  
  83  5:41  Drone x2  
  86  5:45  Extractor  
  86  5:46  Extractor, Grooved Spines  
  84  5:56  Queen  
  83  6:00  Drone  
  83  6:01  Drone x7  
  91  6:06  Overlord x2  
  91  6:07  Hydralisk  
  93  6:15  Hydralisk  
  93  6:16  Hydralisk x3  
  96  6:19  Drone x2  
  98  6:26  Drone x3  
  98  6:31  Hydralisk x3  
  107  6:34  Queen  
  109  6:40  Hydralisk x2  
  109  6:46  Overlord x3  
  113  6:49  Overlord  
  113  6:59  Muscular Augments  
  113  7:01  Drone  
  113  7:06  Hydralisk x2, Lurker Den  
  117  7:09  Hatchery  
  117  7:13  Roach x5  
  126  7:20  Hydralisk x3  
  130  7:25  Metabolic Boost  
  130  7:32  Roach  
  130  7:33  Roach x5  
  142  7:40  Overseer  
  142  7:41  Overlord x4  
  142  7:50  Roach  
  142  7:51  Roach x3  
  146  7:53  Zerg Missile Weapons Level 2  
  146  7:56  Overlord x2  
  146  8:01  Roach x3  
  146  8:04  Roach, Pneumatized Carapace  
  154  8:07  Roach  
  156  8:15  Roach x5  
  166  8:26  Roach  
  166  8:27  Roach x6  
  180  8:34  Lurker x6  
  186  8:38  Lurker  
  186  8:41  Roach x2, Zergling x2  
  191  8:42  Zergling x4  
  191  8:48  Spore Crawler  
  193  8:50  Spine Crawler, Drone x4  
  196  8:57  Roach  
  196  8:58  Roach  
Show
View Real Time Build Order
Export as new Build Order

Classic Protoss - Winner!

Build Orders: 1 Gate Expand, Oracle Opening, Phoenix Opening, Archon Immortal, Zealot Archon, Archon Drop 

Get SALT Encoding   

  12  0:00  Probe  
  13  0:12  Probe  
  14  0:20  Pylon  
  14  0:24  Probe  
  15  0:38  Probe (Chrono Boost)  
  15  0:39  Gateway  
  16  0:47  Probe (Chrono Boost)  
  16  0:48  Assimilator  
  17  0:52  Probe (Chrono Boost)  
  18  1:04  Probe  
  19  1:16  Probe  
  20  1:25  Nexus  
  20  1:28  Probe  
  21  1:38  Cybernetics Core  
  21  1:42  Probe  
  21  1:47  Assimilator  
  22  1:53  Pylon  
  22  1:56  Probe  
  23  2:11  Probe  
  23  2:12  Adept (Chrono Boost)  
  26  2:16  Stargate  
  26  2:23  Probe  
  26  2:26  Warp Gate  
  27  2:31  Adept  
  27  2:35  Probe (Chrono Boost)  
  30  2:38  Probe (Chrono Boost)  
  31  2:46  Probe (Chrono Boost)  
  31  2:47  Probe (Chrono Boost)  
  31  2:51  Probe (Chrono Boost)  
  33  2:52  Probe (Chrono Boost)  
  33  2:57  Oracle (Chrono Boost)  
  35  3:01  Probe  
  39  3:06  Probe  
  39  3:09  Pylon  
  40  3:16  Probe  
  40  3:18  Probe, Gateway  
  42  3:20  Adept  
  44  3:27  Phoenix  
  44  3:28  Probe  
  47  3:38  Probe  
  47  3:40  Assimilator  
  48  3:43  Probe  
  48  3:44  Assimilator  
  48  3:46  Robotics Facility  
  49  3:49  Pylon  
  49  3:53  Probe  
  51  3:55  Probe  
  51  3:59  Twilight Council  
  51  4:05  Probe  
  51  4:07  Probe  
  53  4:18  Probe  
  53  4:19  Probe  
  53  4:20  Pylon  
  53  4:22  Gateway  
  53  4:24  Gateway  
  55  4:34  Gateway  
  55  4:35  Probe x2  
  55  4:36  Gateway  
  57  4:39  Warp Prism (Chrono Boost)  
  59  4:48  Charge (Chrono Boost)  
  59  4:51  Templar Archives  
  59  5:04  Nexus  
  59  5:08  Pylon  
  59  5:21  Probe  
  59  5:22  Probe  
  59  5:24  Pylon  
  61  5:33  High Templar x2  
  61  5:34  High Templar x2  
  61  5:35  Zealot x2  
  71  5:37  Probe x2  
  71  5:39  Archon x2  
  75  5:43  Observer (Chrono Boost)  
  75  5:45  Pylon  
  75  5:48  Forge  
  75  5:49  Probe x2  
  78  6:01  Probe x2  
  78  6:02  Immortal (Chrono Boost)  
  80  6:08  Pylon, Assimilator  
  84  6:12  Assimilator  
  84  6:13  Probe x2  
  84  6:17  Protoss Ground Weapons Level 1 (Chrono Boost)  
  84  6:18  Probe  
  87  6:25  Probe x2  
  87  6:30  Psionic Storm, Probe  
  87  6:31  Immortal (Chrono Boost)  
  94  6:38  Probe x2  
  94  6:39  Gateway  
  96  6:41  Gateway  
  96  6:42  Probe  
  96  6:44  Pylon  
  97  6:50  Probe x2, High Templar  
  97  6:51  High Templar  
  103  6:58  Probe  
  103  6:59  Pylon  
  104  7:02  Immortal (Chrono Boost), Probe x2  
  104  7:03  Pylon  
  104  7:04  Pylon  
  110  7:10  High Templar  
  112  7:21  Nexus  
  112  7:22  Pylon  
  112  7:26  High Templar  
  114  7:32  Photon Cannon  
  114  7:34  Photon Cannon  
  114  7:35  Immortal (Chrono Boost), Pylon x2  
  118  7:38  Probe x2  
  118  7:39  Probe  
  121  7:50  Probe  
  121  7:51  Probe x2, Assimilator  
  124  7:52  Assimilator  
  124  7:56  High Templar x2  
  128  7:58  Protoss Ground Weapons Level 2 (Chrono Boost)  
  128  8:00  Immortal (Chrono Boost)  
  128  8:04  Probe x3  
  135  8:06  Photon Cannon  
  135  8:09  Robotics Facility  
  135  8:12  Photon Cannon  
  135  8:14  Pylon  
  135  8:18  Probe  
  135  8:19  Probe x2  
  138  8:25  Gateway  
  138  8:26  Warp Prism  
  138  8:28  Gateway  
  138  8:32  Zealot  
  142  8:36  Photon Cannon  
  142  8:43  High Templar x3  
  142  8:44  Zealot x3, High Templar  
  142  8:48  Archon x2  
  156  8:49  Archon  
  156  8:51  Archon  
  156  8:53  High Templar  
  156  9:02  Immortal  
  160  9:09  Immortal  
  163  9:18  High Templar x2  
  163  9:19  High Templar  
  167  9:25  Pylon  
  167  9:27  Pylon  
  167  9:28  Pylon  
  165  9:43  Zealot x5  
  165  9:45  Zealot x2  
  177  9:49  Pylon  
  177  9:53  Zealot x3  
  177  9:55  Pylon  
  172  10:04  Zealot x2  
  172  10:05  Zealot x4  
  172  10:06  Archon  
Tags
 
Add a new tag
Caveats
  • Supply blocks, unpowered buildings, or Contaminate may cause inaccurate times.
  • Supply counts are checked every 10 seconds.